 Dungeon Crawl Stone Soup version 0.28-a0-312-gbced6e68ee (webtiles) character file.

Game seed: 16216793698258444742

96159 Laan the Brawler (level 15, -7/165 HPs)
             Began as a Troll Berserker on Aug 31, 2021.
             Was a High Priest of Trog.
             Killed from afar by Jorgrun (31 damage)
             ... with a blast of rock fragments
             ... on level 15 of the Dungeon.
             The game lasted 00:57:39 (19406 turns).

Laan the Brawler (Troll Berserker)                 Turns: 19406, Time: 00:57:40

Health: -7/165     AC:  9    Str: 34    XL:     15   Next: 68%
Magic:  14/14      EV: 25    Int:  9    God:    Trog [*****.]
Gold:   1372       SH: 10    Dex:  9    Spells: 14/14 levels left

rFire   + + .      SeeInvis .     - Unarmed
rCold   + . .      Faith    .   t - +0 kite shield {rC+ rF+}
rNeg    . . .      Spirit   .   g - +2 robe {rF+}
rPois   +          Reflect  .   (helmet restricted)
rElec   +          Harm     .   i - +2 cloak {rPois}
rCorr   +          Rampage  .   (gloves unavailable)
Will    +....                   (boots unavailable)
Stlth   +.........              J - amulet "Gelioq" {Acrobat rElec}
HPRegen 1.37/turn               k - ring of resist corrosion
MPRegen 0.14/turn               n - +6 ring of intelligence

@: on berserk cooldown, acrobatic, slowed, very slow
A: large, unfitting armour, claws 3, regeneration 1, shaggy fur 1, tough skin 1
a: Renounce Religion, Berserk, Trog's Hand, Brothers in Arms


You were on level 15 of the Dungeon.
You worshipped Trog.
Trog was extremely pleased with you.
You visited 2 branches of the dungeon, and saw 21 of its levels.
You also visited: Gauntlet.

You collected 1688 gold pieces.
You spent 316 gold pieces at shops.

Inventory:

Missiles
 j - 25 javelins (quivered)
 O - 14 large rocks
 S - a throwing net
Armour
 g - a +2 robe of fire resistance (worn)
 i - a +2 cloak of poison resistance (worn)
 s - a +3 troll leather armour {Snorg}
 t - a +0 kite shield of resistance (worn)
 D - +1 acid dragon scales
 I - a scarf of invisibility
Jewellery
 k - a ring of resist corrosion (left claw)
 n - a +6 ring of intelligence (right claw)
 C - a ring of fire
 H - a ring of poison resistance
 J - the amulet "Gelioq" (around neck) {Acrobat rElec}
   (You acquired it in a Gauntlet)

   [amulet of the acrobat]

   It increases your evasion while moving and waiting.
   rElec:     It insulates you from electricity.
 N - a ring of willpower
 Q - a +6 ring of intelligence
 R - a ring of see invisible
Wands
 r - a wand of digging (8)
 u - a wand of polymorph (10)
 v - a wand of iceblast (56)
 y - a wand of flame (49)
 z - a wand of paralysis (9)
Scrolls
 d - 15 scrolls of identify
 e - 8 scrolls of fear {unknown}
 f - 3 scrolls of holy word {unknown}
 h - 5 scrolls of blinking
 l - 4 scrolls of teleportation
 m - 6 scrolls of amnesia {unknown}
 o - 2 scrolls of vulnerability {unknown}
 E - 3 scrolls of enchant armour
 F - 2 scrolls of enchant weapon
 L - 2 scrolls of fog {unknown}
Potions
 a - 9 potions of curing
 b - 3 potions of attraction
 c - 6 potions of flight {unknown}
 p - 2 potions of mutation
 q - 3 potions of haste {unknown}
 w - 2 potions of cancellation {unknown}
 x - 3 potions of might {unknown}
 A - 2 potions of lignification {unknown}
 B - 2 potions of resistance {unknown}
 G - 2 potions of brilliance {unknown}
 K - a potion of magic {unknown}
 M - 2 potions of ambrosia {unknown}
 P - 2 potions of invisibility {unknown}


   Skills:
 + Level 14.5 Fighting
 - Level 2.4 Dodging
 * Level 11.9 Shields
 + Level 16.9 Unarmed Combat


You had 14 spell levels left.
You didn't know any spells.
Your spell library was empty.

Dungeon Overview and Level Annotations

Branches:
Dungeon (15/15)            Temple (0/1) D:7            Lair (6/6) D:10
  Swamp (0/4) Lair:4        Snake (0/4) Lair:4        Slime (0/5) Lair:5
    Orc (0/2) D:10         Vaults (0/5) D:14        Gauntlet (visited)
 Depths: D:15

Altars:
Ashenzari
Fedhas
Gozag
Hepliaklqana
Makhleb
Qazlal
Trog
Wu Jian
Xom
Zin

Shops:
D:2 ?   D:8 !   D:11 !   D:14 *

Annotations:
D:8 exclusion: ice statue
D:15 Jorgrun


Innate Abilities, Weirdness & Mutations

You are too large for most types of armour.
You have claws for hands.
Your natural rate of healing is unusually fast.
You are covered in fur. (AC +1)
You have tough skin. (AC +1)


Message History

You kill the two-headed ogre!
Trog accepts your kill.
You mangle the ogre!!
You kill the ogre!
Trog accepts your kill.
You feel a strong urge to attack something.
You are no longer berserk.
You are exhausted.
You feel yourself slow down.
Jorgrun Earthshaker comes into view.
He is wielding a staff of earth and wearing a +0 robe of positive energy.
Jorgrun shouts!
Jorgrun points at you and mumbles some strange words.
You resist with significant effort.
You closely miss Jorgrun. You block Jorgrun's attack.
You eviscerate Jorgrun!!!
Jorgrun is moderately wounded.
Jorgrun hits you but does no damage. Jorgrun shatters you!!
You miss Jorgrun.
Jorgrun is moderately wounded.
Jorgrun points at you and mumbles some strange words.
The iron shot hits you!!!
You claw Jorgrun!
Jorgrun is moderately wounded.
You block Jorgrun's attack.
You mangle Jorgrun!!
Jorgrun is heavily wounded.
Jorgrun mutters some incantations to himself.
Jorgrun gestures at you while chanting.
The wall shatters!
The blast of rock fragments hits you!!
* * * LOW HITPOINT WARNING * * *
Okay, then.
Unknown command.
You don't know any spells.
Your troll goes berserk!
You block Jorgrun's attack. Jorgrun hits you with a staff of earth!
* * * LOW HITPOINT WARNING * * *
Your troll bites Jorgrun!!
Your troll claws Jorgrun! x2
Jorgrun casts a spell past your troll.
The wall shatters!
The blast of rock fragments hits you!!
You die...

##...........
#...)))......
#...).)......
...#............
................
...####.........
.. #......##.
###.......#
##@..........
#####.#..........
#.#Tg............
#......##........
##......##.#.....
#................
##........#......
#......####.....
##......## ..


You could see Jorgrun (ally target) and a friendly troll (summoned, berserk).

Vanquished Creatures
  Rupert (Lair:4)
  Nessos (D:14)
  A minotaur (Gauntlet)
  Snorg (D:10)
  Josephine (D:10)
  3 fire dragons
  3 boulder beetles
  13 hydras
  2 centaur warriors (D:13)
  2 death knights (D:12)
  An ogre mage (D:15)
  A catoblepas (Lair:3)
  8 two-headed ogres
  10 death yaks
  5 skeletal warriors (D:12)
  A bog body (Lair:4)
  A wizard (D:14)
  A deep elf pyromancer (D:10)
  A lindwurm (Lair:6)
  6 ugly things
  3 oklob plants (Lair:5)
  4 cyclopes
  4 manticores
  5 elephants (Lair:6)
  Maurice (D:10)
  2 molten gargoyles (Lair:6)
  3 rime drakes
  10 black mambas
  12 cane toads
  An unseen horror (D:11)
  16 komodo dragons
  2 tormentors (D:12)
  3 kobold demonologists
  3 trolls (D:12)
  A polar bear (Lair:6)
  9 slime creatures
  20 blink frogs
  15 dream sheep (Lair:5)
  Sigmund (D:3)
  4 shadows
  11 wraiths
  5 wyverns
  8 basilisks
  Grum (D:11)
  63 yaks
  A steam dragon (Lair:6)
  6 vampire mosquitoes (D:14)
  An acid dragon (D:9)
  10 water moccasins
  4 hell hounds (Lair:6)
  9 orc warriors
  2 ice beasts
  A black bear (shapeshifter) (D:9)
  2 sky beasts
  5 black bears
  3 necrophages (D:6)
  15 wolves
  6 ogres
  A phantom (D:5)
  3 centaurs
  5 kobold brigands
  14 bullfrogs
  2 wyvern zombies
  A water moccasin zombie (D:5)
  A scorpion (D:4)
  A water moccasin skeleton (D:6)
  13 killer bees
  7 howler monkeys
  8 wights
  An electric eel (D:11)
  A crimson imp (D:4)
  3 lava snakes (Lair:6)
  2 bullfrog zombies (D:6)
  4 centaur zombies
  5 hounds
  10 orc priests
  3 bullfrog skeletons
  Crazy Yiuf (D:3)
  2 iguanas
  16 orc wizards
  5 hell rats (Lair:6)
  A killer bee zombie (D:7)
  A hound zombie (D:5)
  A hound skeleton (D:4)
  A howler monkey zombie (D:9)
  Robin (D:3)
  8 gnolls
  A howler monkey skeleton (D:6)
  9 adders
  2 shadow imps
  4 white imps
  2 ufetubi
  An adder zombie (D:5)
  A worm (D:2)
  2 dart slugs
  38 orcs
  8 ball pythons
  7 endoplasms
  21 goblins
  10 hobgoblins
  2 jackals (D:3)
  6 quokkas
  12 bats
  4 frilled lizards
  15 kobolds
  11 rats
613 creatures vanquished.

Vanquished Creatures (collateral kills)
  A hydra (Gauntlet)
  A death knight (D:12)
  A ghost crab (Gauntlet)
  A torpor snail (Gauntlet)
4 creatures vanquished.

Vanquished Creatures (others)
  21 demonic plants (Gauntlet)
  36 fungi
  40 plants
97 creatures vanquished.

Grand Total: 714 creatures vanquished

Notes
Turn   | Place    | Note
-------+----------+-------------------------------------------
     0 | D:1      | Laan the Troll Berserker began the quest for the Orb.
     0 | D:1      | Reached XP level 1. HP: 22/22 MP: 0/0
     2 | D:1      | Found a faded altar of an unknown god.
   125 | D:1      | Reached XP level 2. HP: 29/29 MP: 1/1
   244 | D:1      | Reached XP level 3. HP: 33/37 MP: 2/2
   346 | D:1      | Reached ** piety under Trog
   569 | D:2      | Found Nebucafu's Magic Scroll Emporium.
   845 | D:2      | Reached skill level 4 in Unarmed Combat
   943 | D:2      | Found a hazy altar of Hepliaklqana.
  1064 | D:3      | Noticed Sigmund
  1072 | D:3      | Killed Sigmund
  1073 | D:3      | Reached skill level 5 in Unarmed Combat
  1073 | D:3      | Reached XP level 4. HP: 48/48 MP: 3/3
  1073 | D:3      | Reached XP level 5. HP: 54/54 MP: 4/4
  1175 | D:3      | Noticed Robin
  1181 | D:3      | Killed Robin
  1240 | D:3      | Reached *** piety under Trog
  1249 | D:3      | Found a glowing silver altar of Zin.
  1269 | D:3      | Reached XP level 6. HP: 62/62 MP: 5/5
  1404 | D:3      | Found a runed translucent door.
  1405 | D:3      | Noticed Crazy Yiuf
  1412 | D:3      | Killed Crazy Yiuf
  2032 | D:4      | Found a shimmering altar of Xom.
  2033 | D:4      | Found a burning altar of Makhleb.
  2302 | D:4      | Found an opulent altar of Gozag.
  2540 | D:5      | Entered Level 5 of the Dungeon
  2605 | D:5      | Reached skill level 5 in Fighting
  2605 | D:5      | Reached skill level 6 in Unarmed Combat
  2605 | D:5      | Reached XP level 7. HP: 67/72 MP: 6/6
  3045 | D:5      | Reached skill level 7 in Unarmed Combat
  3214 | D:5      | Reached XP level 8. HP: 83/83 MP: 7/7
  3217 | D:5      | Reached **** piety under Trog
  3734 | D:6      | Reached skill level 8 in Unarmed Combat
  3847 | D:6      | Found a bloodstained altar of Trog.
  4016 | D:6      | Reached XP level 9. HP: 93/93 MP: 8/8
  4024 | D:6      | Reached skill level 9 in Unarmed Combat
  4094 | D:6      | Noticed a kobold demonologist
  4098 | D:6      | Noticed an ice devil
  4109 | D:6      | Killed a kobold demonologist
  4265 | D:6      | Reached skill level 10 in Unarmed Combat
  4382 | D:7      | Reached ***** piety under Trog
  4663 | D:7      | Found a staircase to the Ecumenical Temple.
  4672 | D:7      | Identified the +4 broad axe "Miocotou" {vorpal, *Rage rPois
                  | rC+ Dex+4}
  5237 | D:8      | Reached XP level 10. HP: 107/107 MP: 9/9
  5266 | D:8      | Found Zyrago's Distillery.
  5274 | D:8      | Bought a potion of heal wounds for 70 gold pieces
  5274 | D:8      | Bought a potion of degeneration for 14 gold pieces
  5274 | D:8      | Bought 2 potions of curing for 84 gold pieces
  5274 | D:8      | Bought a potion of mutation for 112 gold pieces
  5567 | D:8      | Noticed an ice statue
  5587 | D:8      | Received a gift from Trog
  5602 | D:8      | Reached skill level 11 in Unarmed Combat
  5734 | D:9      | Found a blossoming altar of Fedhas.
  5896 | D:9      | Reached skill level 10 in Fighting
  6018 | D:9      | Found a stormy altar of Qazlal.
  6070 | D:9      | Noticed a two-headed ogre
  6080 | D:9      | Killed a two-headed ogre
  6081 | D:9      | Reached skill level 12 in Unarmed Combat
  6420 | D:9      | Found a broken altar of Ashenzari.
  6632 | D:10     | Entered Level 10 of the Dungeon
  6704 | D:10     | Noticed a fire dragon
  6704 | D:10     | Noticed a deep elf pyromancer
  6719 | D:10     | Killed a deep elf pyromancer
  6720 | D:10     | Reached XP level 11. HP: 119/119 MP: 10/10
  6722 | D:10     | Killed a fire dragon
  6776 | D:10     | Found a staircase to the Lair.
  6779 | D:10     | Noticed Snorg
  6791 | D:10     | Killed Snorg
  6987 | D:10     | Noticed Josephine
  6992 | D:10     | Noticed a two-headed ogre
  7007 | D:10     | Killed Josephine
  7010 | D:10     | Killed a two-headed ogre
  7011 | D:10     | Reached skill level 13 in Unarmed Combat
  7145 | D:10     | Found a staircase to the Orcish Mines.
  7157 | D:10     | Received a gift from Trog
  7263 | D:10     | Noticed Maurice
  7272 | D:10     | Killed Maurice
  7571 | Lair:1   | Entered Level 1 of the Lair of Beasts
  7776 | Lair:1   | Noticed a six-headed hydra
  7790 | Lair:1   | Killed a nine-headed hydra
  7817 | Lair:1   | Found a frozen archway.
  7909 | Lair:1   | Noticed a five-headed hydra
  7919 | Lair:1   | Killed a ten-headed hydra
  7920 | Lair:1   | Reached XP level 12. HP: 68/132 MP: 11/11
  8063 | Lair:1   | Reached skill level 14 in Unarmed Combat
  8654 | Lair:1   | Identified a scroll of acquirement
  8654 | Lair:1   | Acquired a +0 kite shield of resistance
  8707 | Lair:2   | Reached skill level 1 in Shields
  8747 | Lair:2   | Found an ornate altar of the Wu Jian Council.
  8749 | Lair:2   | Noticed a four-headed hydra
  8771 | Lair:2   | Killed an eight-headed hydra
  9207 | Lair:2   | Received a gift from Trog
  9615 | Lair:3   | Noticed a four-headed hydra
  9641 | Lair:3   | Killed an eight-headed hydra
  9711 | Lair:3   | Noticed a four-headed hydra
  9723 | Lair:3   | Killed an 11-headed hydra
  9728 | Lair:3   | Noticed a catoblepas
  9765 | Lair:3   | Killed a catoblepas
 10022 | Lair:3   | Reached XP level 13. HP: 116/141 MP: 12/12
 10134 | Lair:3   | Reached skill level 5 in Shields
 10540 | Lair:4   | Noticed Rupert
 10645 | Lair:4   | Found a staircase to the Snake Pit.
 10820 | Lair:4   | Found a gate leading to a gauntlet.
 10831 | Gauntlet | Entered a Gauntlet
 10831 | Gauntlet | Found a transporter.
 10831 | Gauntlet | Found a transporter.
 10832 | Gauntlet | Found a transporter.
 10832 | Gauntlet | Found a transporter.
 10835 | Gauntlet | Found a transporter.
 10835 | Gauntlet | Found a transporter.
 10842 | Gauntlet | Noticed a reaper
 10845 | Gauntlet | Found a transporter.
 10849 | Gauntlet | Found a transporter.
 10859 | Gauntlet | Found a transporter.
 10961 | Gauntlet | Found a transporter.
 10965 | Gauntlet | Found a transporter.
 10975 | Gauntlet | Found a transporter.
 11061 | Gauntlet | Reached skill level 15 in Unarmed Combat
 11128 | Gauntlet | Noticed a minotaur
 11135 | Gauntlet | Killed a minotaur
 11144 | Gauntlet | Acquired the amulet "Gelioq" {Acrobat rElec}
 11246 | Lair:4   | Killed Rupert
 11296 | Lair:4   | Identified the +0 scale mail of the Invisible Hand {-Cast
                  | Will++ Str+9}
 11530 | Lair:4   | Found a staircase to the Swamp.
 12628 | Lair:5   | Reached XP level 14. HP: 149/153 MP: 13/13
 12980 | Lair:5   | Found a staircase to the Slime Pits.
 13153 | Lair:6   | Entered Level 6 of the Lair of Beasts
 13189 | Lair:5   | Received a gift from Trog
 13945 | Lair:6   | Reached skill level 16 in Unarmed Combat
 14099 | Lair:6   | Found a large runed translucent door.
 14100 | Lair:6   | Found a large runed translucent door.
 14238 | Lair:6   | Reached skill level 10 in Shields
 14960 | D:11     | Received a gift from Trog
 14969 | D:11     | Found Wauzycyro's Distillery.
 14972 | D:11     | Bought a potion of attraction for 36 gold pieces
 15425 | D:11     | Noticed Grum
 15438 | D:11     | Killed Grum
 16615 | D:12     | Reached XP level 15. HP: 57/163 MP: 14/14
 17992 | D:14     | Received a gift from Trog
 18187 | D:14     | Found Ysoutak's General Store.
 18207 | D:14     | Found a blossoming altar of Fedhas.
 18355 | D:14     | Found a gate to the Vaults.
 18509 | D:14     | Noticed Nessos
 18516 | D:14     | Killed Nessos
 19057 | D:15     | Entered Level 15 of the Dungeon
 19396 | D:15     | Noticed Jorgrun
 19406 | D:15     | Killed from afar by Jorgrun

Illustrated notes

Levels and vault maps discovered:
D:1:      wander_arrival_desolate, layout_basic, basic_ecumenical_altar
D:2:      layout_basic, serial_shops, shop, serial_glass, glass_columns_c,
          glass_columns_b, minivault_4, kennysheep_flooded_box,
          skrybe_limestone_x
D:3:      layout_basic, mainiacjoe_overflow_24_doors, uniq_sigmund, uniq_robin,
          uniq_crazy_yiuf_cottage
D:4:      layout_loops_ring, grunt_temple_overflow_champion_of_chaos,
          mainiacjoe_overflow_cross_hatched
D:5:      layout_loops_corners, mrwooster_statue_mirror
D:6:      wad_guarded_room, layout_rooms, marbit_many_paths
D:7:      minmay_s_stair_smasher, layout_gridville,
          minmay_temple_entry_statues_pillars
D:8:      lemuel_ice_statue, layout_loops_ring, serial_shops, shop
D:9:      layout_irregular_city, nicolae_overflow_hidden_temple,
          mainiacjoe_overflow_six_doors_small
D:10:     layout_roguey, minmay_lair_entry_lava, david_orc_1_choice,
          uniq_josephine, uniq_snorg, uniq_maurice
D:11:     layout_basic, serial_shops, kennysheep_mini, uniq_grum
D:12:     cheibrodos_tormentor_scu, layout_rooms, kennysheep_generic_room_15
D:13:     layout_loops_ring
D:14:     layout_loops_ring, david_vaults_4, serial_shops, nicolae_square_shop,
          grunt_decor_one_mirror, serial_aquarium, aquarium_bridge_square
          [aquarium_subvault_bridge, aquarium_subvault_window,
          aquarium_subvault_bridge, aquarium_subvault_wall],
          aquarium_bridge_long_separate [aquarium_subvault_bridge,
          aquarium_subvault_bridge, aquarium_subvault_bridge,
          aquarium_subvault_window, aquarium_subvault_window,
          aquarium_subvault_bridge], aquarium_window_fake,
          aquarium_window_corridor_1, aquarium_view_2b, aquarium_view_4,
          aquarium_pool_split, fedhas_altar_3, uniq_nessos
D:15:     gammafunk_enter_depths_forms, layout_cave_pools, st_stairs_12,
          uniq_jorgrun
Lair:1:   layout_chaotic_city, portal_ice_cave_entry_pillars_1,
          beast_lair_carwin_8
Lair:2:   layout_long_grid, basic_altar
Lair:3:   layout_regular_city, grunt_forest_stairs_basic
Lair:4:   layout_gridlike, skrybe_swamp_entry_bodies,
          minmay_snake_entry_six_corridors, gauntlet_entry_generic,
          infiniplex_staircase_pool_2, uniq_rupert
Lair:5:   layout_roguey, minmay_slime_entry_oklob_open, grunt_megastairs_5
Lair:6:   cheibrodos_lair_end_hotspot, layout_loops_ring

Skill      XL: |  1  2  3  4  5  6  7  8  9 10 11 12 13 14 15 |
---------------+----------------------------------------------+-----
Fighting       | 3 4 5 6 7 9 10 11 12 13 14 | 14.5
Unarmed Combat | 5 6 7 8 10 12 13 14 15 16 | 16.9
Shields        | 4 8 10 11 | 11.9
Dodging        | |  2.4

Action                   |  1- 3 |  4- 6 |  7- 9 | 10-12 | 13-15 || total
-------------------------+-------+-------+-------+-------+-------++-------
Melee: Unarmed           |   111 |   126 |   283 |   505 |   934 ||  1959
       Punch             |     2 |     4 |    14 |    27 |       ||    47
Throw: Javelin           |       |       |       |     3 |       ||     3
Invok: Berserk           |     1 |     3 |    10 |    15 |    29 ||    58
       Trog's Hand       |       |       |       |     2 |     1 ||     3
       Brothers in Arms  |       |       |       |       |     3 ||     3
Evoke: Wand              |       |       |       |     3 |     2 ||     5
  Use: Scroll            |       |       |       |     9 |     2 ||    11
       Potion            |       |       |       |     3 |     1 ||     4
 Stab: Sleeping          |       |       |     1 |       |       ||     1
Armor: Animal skin       |    48 |       |       |       |       ||    48
       Robe              |       |    55 |   141 |   126 |   211 ||   533
Dodge: Dodged            |    47 |    43 |   146 |   175 |   339 ||   750
Block: Kite shield       |       |       |       |    59 |   307 ||   366

Table legend: (Time is in decaauts)
 A = Elapsed time spent in this place.
 B = Non-inter-level travel time spent in this place.
 C = Inter-level travel time spent in this place.
 D = Time resting spent in this place.
 E = Time spent auto-exploring this place.
 F = Levels seen in this place.
 G = Mean time per level.
                   A        B        C        D        E       F      G
               +--------+--------+--------+--------+--------+-----+--------+
         Total |  19542 |  18827 |    715 |   2695 |  11752 |  22 |  888.3 |
       Dungeon |  12175 |  11776 |    399 |   1383 |   7700 |  15 |  811.7 |
          Lair |   7039 |   6723 |    316 |   1311 |   3879 |   6 | 1173.2 |
      Gauntlet |    328 |    328 |      0 |      0 |    173 |   1 |  328.0 |
               +--------+--------+--------+--------+--------+-----+--------+

Top non-repeatable levels by time:
  Lair:6: 1472 daAuts
  Lair:5: 1471 daAuts
    D:14: 1234 daAuts
    D:12: 1229 daAuts
  Lair:1: 1133 daAuts
     D:5: 1115 daAuts
    D:11: 1071 daAuts
  Lair:2: 1038 daAuts
  Lair:4: 1005 daAuts
    D:10: 987 daAuts
  Lair:3: 918 daAuts
     D:9: 891 daAuts
     D:3: 856 daAuts
     D:7: 812 daAuts
    D:13: 808 daAuts
